 Dungeon Crawl Stone Soup version 0.27.1-35-g4d5d836560 (webtiles) character file.

Game seed: 17219542865113998070

120 Faeu the Covered (level 4, -4/41 HPs)
             Began as a Minotaur Fighter on Mar 29, 2022.
             Slain by an ogre (23 damage)
             ... on level 4 of the Dungeon.
             The game lasted 00:10:31 (2635 turns).

Faeu the Covered (Minotaur Fighter)                 Turns: 2635, Time: 00:10:32

Health: -4/41      AC: 12    Str: 21      XL:     4   Next: 75%
Magic:  3/3        EV:  4    Int:  5      God:
Gold:   77         SH:  9    Dex:  8 (10) Spells: 3/3 levels left

rFire    . . .     SeeInvis .   a - +0 long sword {long}
rCold    . . .     Faith    .   c - +0 kite shield
rNeg     . . .     Spirit   .   p - +0 plate armour
rPois    .         Reflect  .   (helmet restricted)
rElec    .         Harm     .   (no cloak)
rCorr    .         Rampage  .   (no gloves)
Will     .....                  (no boots)
Stlth    ..........             (no amulet)
HPRegen  0.13/turn              (no ring)
MPRegen  0.08/turn              (no ring)

@: no status effects
A: horns 2, retaliatory headbutt
a: no special abilities


You were on level 4 of the Dungeon.
You visited 1 branch of the dungeon, and saw 4 of its levels.

You collected 77 gold pieces.


Innate Abilities, Weirdness & Mutations

You have a pair of horns on your head.
You reflexively headbutt those who attack you in melee.


   Skills:
 + Level 4.4 Fighting
 + Level 3.7 Long Blades
 + Level 4.6 Armour
 + Level 4.5 Shields


You had 3 spell levels left.
You didn't know any spells.
Your spell library contained the following spells:

 Spells                   Type           Power      Damage    Failure   Level
 Passwall                 Tmut/Erth      0%         N/A       100%        2
 Swiftness                Air            0%         N/A       100%        3
 Invisibility             Hex            0%         N/A       100%        6

Inventory:

Hand Weapons
 a - a +0 long sword (weapon) {long}
 f - a +1 spectral club {mace}
   (You took it off Robin on level 2 of the Dungeon)
 q - a +2 dagger of venom {short}
   (You found it on level 2 of the Dungeon)
Missiles
 b - 18 arrows
 e - 17 poisoned darts (quivered) {throwing}
 i - 65 stones {throwing}
Armour
 c - a +0 kite shield (worn)
 p - a +0 plate armour (worn)
   (You found it on level 2 of the Dungeon)
 s - a +2 leather armour of poison resistance
   (You took it off an orc on level 3 of the Dungeon)
Scrolls
 g - 2 scrolls of identify {unknown}
 j - a scroll of amnesia {unknown}
 l - a scroll of blinking {unknown}
 m - 2 scrolls of holy word {unknown}
 r - 2 scrolls of teleportation {unknown}
Potions
 d - a potion of might
 h - a potion of attraction {unknown}
 k - a potion of curing {unknown}
 n - a potion of ambrosia {unknown}
 o - a potion of lignification {unknown}

Dungeon Overview and Level Annotations

Branches:
Dungeon (4/15)
 Temple: D:4-7

Altars:

Shops:
D:4

* ####...######
+.......^....
#...<....#
#.##.#O#.#
#.##.....#
#.##.....#
♣♣♣♣♣#.###?...#
###♣⌠.⌠♣#.# ##.#.#
#.r@O∩..'.####.#.#
#.#♣⌠.⌠♣#........#
#..
♣♣♣♣♣######.###
#... #.# ..... #.#
.##### ..# . ###


You could see an ogre and a quokka.


Message History

You hit the orc. Your headbutt misses the orc.
The orc hits you with a +0 dagger. 😕 HP[-4]
You take 4 damage, and now have 37/41 hp.
You barely miss the orc. You headbutt the orc, but do no damage.
The orc barely misses you.
You riposte.
You barely miss the orc. You hit the orc but do no damage.
The orc barely misses you. You block the orc's attack.
You hit the orc but do no damage. You block the orc's attack. 😕 HP[+1]
You hit the orc. Your headbutt misses the orc.
The orc hits you but does no damage. x2
You hit the orc but do no damage. You block the orc's attack.
You barely miss the orc. The orc barely misses you.
You riposte.
You closely miss the orc. You block the orc's attack.
You closely miss the orc. You block the orc's attack.
You hit the orc.
You kill the orc!
You hear some strange, mumbled words.
Something tries to affect you, but you resist.
You block the orc's attack.
You closely miss something. Something hits you but does no damage.
The orc hits you but does no damage. 😕 HP[+1]
You miss something. Something hits you but does no damage.
The orc hits you but does no damage. You block something's attack.
The orc closely misses you.
You closely miss something. Something completely misses you.
The orc hits you from afar with a +0 trident! 😕 HP[-7]
You take 7 damage, and now have 32/41 hp.
You barely miss something. Something hits you but does no damage.
You block the orc's attack. You block something's attack.
You miss something. You block the orc's attack. Something hits you.
The orc hits you from afar with a +0 trident. 😮 HP[-4]
You take 4 damage, and now have 28/41 hp.
You slash something!
You hear some strange, mumbled words.
A magic dart appears from out of thin air!
The magic dart hits you. You block the orc's attack. 😮 HP[-4]
You take 4 damage, and now have 24/41 hp.
You closely miss something.
You hear some strange, mumbled words.
Something tries to affect you, but you resist.
You block the orc's attack. Something hits you but does no damage.
The orc barely misses you.
You miss something.
You hear some strange, mumbled words.
A puff of flame appears from out of thin air!
The puff of flame hits you but does no damage.
The orc hits you but does no damage.
Your plate armour prevents you from hitting something.
You hear some strange, mumbled words.
Something tries to affect you, but you resist.
You block the orc's attack. Something hits you but does no damage.
The orc barely misses you.
You closely miss something. Something hits you but does no damage.
You block the orc's attack. 😮 HP[+1]
You miss something. Something hits you.
The orc hits you from afar with a +0 trident.
* * * LOW HITPOINT WARNING * * *
Something hits you but does no damage. 😨 HP[-7]
You take 7 damage, and now have 18/41 hp.
You closely miss something. You headbutt something!
Reactivating autopickup.
You feel a bit more experienced. You block the orc's attack. x2
You feel your strength returning. You block the orc's attack.
Things that are here:
a +0 dagger {short}; a +0 robe; an orc corpse You block the orc's attack. 😨 HP[+1]
You block the orc's attack. 😨 HP[+1]
There is a stone staircase leading down here.
The orc hits you from afar with a +0 trident.
* * * LOW HITPOINT WARNING * * *
You climb downwards.
The ogre shouts!
There is a stone staircase leading up here. 😨 HP[-4]
You take 4 damage, and now have 16/41 hp. 😨 HP[+1] 😨 HP[+1]
You open the door.
Found Sacona's General Store.
There is an open door here.
There is an entrance to Sacona's General Store here.
You open the door. 😨 HP[+1]
A quokka comes into view.
There is an open door here.
You hit the ogre. You headbutt the ogre.
The ogre hits you with a +0 giant club!!
Ouch! That really hurt!
You die...

Skill      XL: |  1  2 |
---------------+-------+-----
Armour         | 4 |  4.6
Shields        | 4 |  4.5
Fighting       | 4 |  4.4
Long Blades    | 3 |  3.7

Action                   |  1- 3 |  4- 6 || total
-------------------------+-------+-------++-------
Melee: Long sword        |    97 |    33 ||   130
       Headbutt          |    10 |     5 ||    15
  Use: Potion            |     1 |       ||     1
Armor: Scale mail        |    57 |       ||    57
       Plate armour      |     7 |    15 ||    22
Dodge: Dodged            |    43 |     9 ||    52
Block: Kite shield       |    60 |    24 ||    84
       Rpst.: Long sword |     9 |     2 ||    11

Levels and vault maps discovered:
D:1:      grunt_arrival_crossed_arrows, layout_basic
D:2:      layout_loops_ring, hellmonk_ecumenical_altar_watching_god,
          serial_forest, infiniplex_forest_clump_double,
          infiniplex_forest_end_2, infiniplex_forest_straight_2,
          infiniplex_forest_clump_C, infiniplex_forest_end_1,
          infiniplex_forest_lined_room_3, infiniplex_forest_end_2,
          dk_noncrumbling_2, kennysheep_generic_room_7, uniq_robin
D:3:      layout_basic, mainiacjoe_overflow_six_doors_small,
          mainiacjoe_overflow_alcove_1
D:4:      layout_loops_corners, mainiacjoe_overflow_paths,
          minmay_temple_entry_drinking_statues, serial_shops,
          kennysheep_little_box, chequers_mini_garden,
          hangedman_decor_diamond_cutter

Notes
Turn   | Place    | Note
-------+----------+-------------------------------------------
     0 | D:1      | Faeu the Minotaur Fighter began the quest for the Orb.
     0 | D:1      | Reached XP level 1. HP: 19/19 MP: 0/0
     0 | D:1      | magus.rc [v1.9.6]
   313 | D:1      | Reached XP level 2. HP: 27/27 MP: 1/1
   623 | D:1      | magus.rc [v1.9.6]
   851 | D:1      | Reached skill level 4 in Armour
   851 | D:1      | Reached skill level 4 in Shields
   976 | D:2      | Noticed a floating eye
   978 | D:2      | Found a faded altar of an unknown god.
   980 | D:2      | Noticed a great orb of eyes
   980 | D:2      | Noticed a floating eye
   980 | D:2      | Noticed an eye of devastation
   993 | D:2      | Reached skill level 4 in Fighting
   993 | D:2      | Reached skill level 3 in Long Blades
  1045 | D:2      | You pick up a book of Burglary and begin reading...
  1045 | D:2      | You add the spells Passwall, Swiftness and Invisibility to
                  | your library.
  1113 | D:2      | Reached XP level 3. HP: 30/33 MP: 2/2
  1243 | D:2      | Noticed Robin
  1260 | D:2      | HP: 6/33 [goblin[Robin] (5)]
  1261 | D:2      | HP: 1/33 [goblin[Robin] (5)]
  1295 | D:2      | HP: 2/33 [goblin/stone[Robin] (2)]
  1583 | D:2      | Killed Robin
  2439 | D:3      | Reached XP level 4. HP: 38/41 MP: 3/3
  2613 | D:4      | Noticed an ogre
  2625 | D:4      | Found Sacona's General Store.
  2635 | D:4      | Slain by an ogre

Vanquished Creatures
  2 orc wizards (D:3)
  Robin (D:2)
  A worm (D:2)
  3 orcs (D:3)
  4 ball pythons
  3 endoplasms (D:1)
  A giant cockroach (D:3)
  13 goblins
  4 hobgoblins
  2 jackals (D:1)
  3 quokkas
  3 bats
  A kobold (D:1)
  8 rats
49 creatures vanquished.

Table legend:
 A = Non-vault XP
 B = Vault XP
 C = Vault XP percentage of total XP
 D = Non-vault monster count
 E = Vault monster count
 F = Vault count percentage of total count
                 A         B        C        D         E       F
            +---------+---------+-------+---------+---------+-------
      Total |     133 |      39 |  22.7 |      37 |      12 |  24.5
            +---------+---------+-------+---------+---------+-------
        D:1 |      29 |       0 |   0.0 |      19 |       0 |   0.0
        D:2 |      17 |      39 |  69.6 |       8 |      12 |  60.0
        D:3 |      87 |       0 |   0.0 |      10 |       0 |   0.0
            +---------+---------+-------+---------+---------+-------

Illustrated notes

Table legend:
 A = Kills in this place as a percentage of kills in entire the game.
 B = Kills by you in this place as a percentage of kills by you in the entire game.
 C = Kills by friends in this place as a percentage of kills by friends in the entire game.
 D = Other kills in this place as a percentage of other kills in the entire game.
 E = Experience gained in this place as a percentage of experience gained in the entire game.
 F = Experience gained in this place divided by the number of levels of this place that you have seen.
                   A       B       C       D       E      F
               +-------+-------+-------+-------+-------+----------------------
         Total | 100.0 | 100.0 |   N/A |   N/A | 100.0 |  43.0
       Dungeon | 100.0 | 100.0 |   N/A |   N/A | 100.0 |  43.0
               +-------+-------+-------+-------+-------+----------------------

Table legend: (Time is in decaauts)
 A = Elapsed time spent in this place.
 B = Non-inter-level travel time spent in this place.
 C = Inter-level travel time spent in this place.
 D = Time resting spent in this place.
 E = Time spent auto-exploring this place.
 F = Levels seen in this place.
 G = Mean time per level.
                   A        B        C        D        E       F      G
               +--------+--------+--------+--------+--------+-----+--------+
         Total |   2695 |   2649 |     46 |    357 |   1617 |   4 |  673.8 |
       Dungeon |   2695 |   2649 |     46 |    357 |   1617 |   4 |  673.8 |
               +--------+--------+--------+--------+--------+-----+--------+

Top non-repeatable levels by time:
     D:2: 1028 daAuts
     D:1: 920 daAuts
     D:3: 724 daAuts
     D:4: 21 daAuts
